SAAA
PENNSAUKEN FLYERS @ CALGARY LYNX
09/14/2027
 
TOP OF THE 1ST
Pennsauken Flyers batting - Pitching for Calgary Lynx : LHP Felipe Machado
Pitching: LHP Felipe Machado
Batting: LHB Vinski Prifti 0-0: Ball
1-0: Ball
2-0: Swinging Strike
2-1: SINGLE (Groundball, 6MD)
Batting: RHB Dave Stockman 0-0: Ball
Vinski Prifti steals 2nd base
1-0: Swinging Strike
1-1: Ground out 6-3 (Groundball, 6)
Vinski Prifti to third
Batting: RHB José Rodríguez 0-0: Ball
1-0: Ground out 6-3 (Groundball, 6)
Vinski Prifti scores
Batting: RHB Byron Isaacson 0-0: Ball
1-0: Ball
2-0: Foul Ball, location: 2F
2-1: Ball
3-1: Swinging Strike
3-2: Foul Ball, location: 2F
3-2: Foul Ball, location: 2F
3-2: Foul Ball, location: 2F
3-2: Base on Balls
Batting: LHB Ignacio Martínez 0-0: Called Strike
0-1: Called Strike
0-2: Fly out, F8 (Line Drive, 8RM)
Top of the 1st over - 1 run(s), 1 hit(s), 0 error(s), 1 left on base; Pennsauken 1 - Calgary 0
BOTTOM OF THE 1ST
Calgary Lynx batting - Pitching for Pennsauken Flyers : RHP Augusto Ramos
Pitching: RHP Augusto Ramos
Batting: RHB Alan Bryan 0-0: Called Strike
0-1: Ball
1-1: Fly out, F9 (Flyball, 9LS)
Batting: LHB Thomas Campbell 0-0: Called Strike
0-1: Called Strike
0-2: Ball
1-2: SOLO HOME RUN (Flyball, 9D), Distance : 361 ft
Batting: LHB Michael Malloy 0-0: Ball
1-0: Swinging Strike
1-1: Foul Ball, location: 2F
1-2: SINGLE (Line Drive, 9LS)
Batting: RHB Wilson Vega 0-0: Ball
Michael Malloy is caught stealing 2nd base
1-0: SINGLE (Line Drive, 56D)
Batting: LHB José León 0-0: Foul Ball, location: 2F
0-1: Ball
1-1: Swinging Strike
1-2: Ball
2-2: SINGLE (Line Drive, 89S)
Wilson Vega to second
Runner from 2nd tries for 3rd, SAFE, throw made to third
José León to second
Batting: RHB Miguel Rosales 0-0: Foul Ball, location: 2F
0-1: Swinging Strike
0-2: Foul Ball, location: 2F
0-2: Fly out, F9 (Flyball, 9)
Bottom of the 1st over - 1 run(s), 4 hit(s), 0 error(s), 2 left on base; Pennsauken 1 - Calgary 1
TOP OF THE 2ND
Pennsauken Flyers batting - Pitching for Calgary Lynx : LHP Felipe Machado
Batting: SHB Nuygen Vuong 0-0: Swinging Strike
0-1: Swinging Strike
0-2: Foul Ball, location: 2F
0-2: Foul Ball, location: 2F
0-2: Ball
1-2: Foul Ball, location: 2F
1-2: Strikes out swinging
Batting: LHB Brad Lawrence 0-0: Ground out 4-3 (Groundball, 34)
Batting: RHB Abdul-Fattah bin Najjar 0-0: Ball
1-0: Ball
2-0: Foul Ball, location: 2F
2-1: Ball
3-1: Base on Balls
Batting: RHB Clarence Therrien 0-0: Foul Ball, location: 2F
0-1: Ball
1-1: Foul Ball, location: 2F
1-2: Foul Ball, location: 2F
1-2: Ball
2-2: Ball
3-2: Base on Balls
Abdul-Fattah bin Najjar to second
Batting: LHB Vinski Prifti 0-0: DOUBLE (Flyball, 78D)
Abdul-Fattah bin Najjar scores
Clarence Therrien to third
Runner from 3rd tries for Home, SAFE, no throw
Batting: RHB Dave Stockman 0-0: Called Strike
0-1: Foul Ball, location: 2F
0-2: Ball
1-2: Foul Ball, location: 2F
1-2: Ball
2-2: Ball
3-2: Strikes out swinging
Top of the 2nd over - 2 run(s), 1 hit(s), 0 error(s), 1 left on base; Pennsauken 3 - Calgary 1
BOTTOM OF THE 2ND
Calgary Lynx batting - Pitching for Pennsauken Flyers : RHP Augusto Ramos
Batting: RHB Gilberto Rodríguez 0-0: Ball
1-0: SINGLE (Line Drive, 6D)
Batting: LHB Daniel García 0-0: SINGLE (Groundball, 3D)
Gilberto Rodríguez to second
Runner from 2nd tries for 3rd, SAFE, throw made to third
Batting: RHB Juan Martínez 0-0: Ball
1-0: Ball
2-0: Called Strike
2-1: Ball
3-1: Base on Balls
Daniel García to second
Batting: RHB Alan Bryan 0-0: Ball
1-0: Fly out, F9 (Flyball, 9S)
Batting: LHB Thomas Campbell 0-0: Swinging Strike
0-1: SINGLE (Line Drive, 4D)
Gilberto Rodríguez scores
Daniel García to third
Juan Martínez to second
Runner from 3rd tries for Home, SAFE, throw made home
Juan Martínez to third
Thomas Campbell to second
Batting: LHB Michael Malloy 0-0: Foul Ball, location: 2F
0-1: Ball
1-1: Called Strike
1-2: Ball
2-2: Fly out, F9 (Flyball, 9LM)
Batting: RHB Wilson Vega 0-0: Ball
1-0: Ball
2-0: Foul Ball, location: 2F
2-1: Foul Ball, location: 2F
2-2: SINGLE (Groundball, 4D)
Juan Martínez scores
Thomas Campbell to third
Runner from 3rd tries for Home, SAFE, no throw
Batting: LHB José León 0-0: Ball
Wilson Vega steals 2nd base
1-0: Ball
2-0: 2-RUN HOME RUN (Flyball, 89XD), Distance : 396 ft
Batting: RHB Miguel Rosales 0-0: Swinging Strike
0-1: TRIPLE (Line Drive, 89D)
Batting: RHB Gilberto Rodríguez 0-0: Ball
1-0: Called Strike
1-1: Ball
2-1: Foul Ball, location: 2F
2-2: Strikes out swinging
Bottom of the 2nd over - 6 run(s), 6 hit(s), 0 error(s), 1 left on base; Pennsauken 3 - Calgary 7
TOP OF THE 3RD
Pennsauken Flyers batting - Pitching for Calgary Lynx : LHP Felipe Machado
Batting: RHB José Rodríguez 0-0: Ground out 6-3 (Groundball, 6S)
Batting: RHB Byron Isaacson 0-0: Called Strike
0-1: Swinging Strike
0-2: Ball
1-2: Ball
2-2: Ball
3-2: Foul Ball, location: 2F
3-2: Fly out, F9 (Flyball, 9)
Batting: LHB Ignacio Martínez 0-0: Called Strike
0-1: Ball
1-1: Foul Ball, location: 2F
1-2: Ground out U3 (Groundball, 3L)
Top of the 3rd over - 0 run(s), 0 hit(s), 0 error(s), 0 left on base; Pennsauken 3 - Calgary 7
BOTTOM OF THE 3RD
Calgary Lynx batting - Pitching for Pennsauken Flyers : RHP Augusto Ramos
Batting: LHB Daniel García 0-0: Called Strike
0-1: Called Strike
0-2: Ball
1-2: Ball
2-2: Ball
3-2: Base on Balls
Batting: RHB Juan Martínez 0-0: Ball
1-0: Called Strike
Daniel García is caught stealing 2nd base
1-1: Ball
2-1: Foul Ball, location: 2F
2-2: Ground out 4-3 (Groundball, 4)
Batting: RHB Alan Bryan 0-0: Called Strike
0-1: Called Strike
0-2: Ball
1-2: Ball
2-2: Ground out 6-3 (Groundball, 6MS)
Bottom of the 3rd over - 0 run(s), 0 hit(s), 0 error(s), 0 left on base; Pennsauken 3 - Calgary 7
TOP OF THE 4TH
Pennsauken Flyers batting - Pitching for Calgary Lynx : LHP Felipe Machado
Batting: SHB Nuygen Vuong 0-0: Ball
1-0: Foul Ball, location: 2F
1-1: Ball
2-1: Ground out 6-3 (Groundball, 6MD)
Batting: LHB Brad Lawrence 0-0: Fly out, F7 (Line Drive, 7)
Batting: RHB Abdul-Fattah bin Najjar 0-0: Ball
1-0: Called Strike
1-1: Called Strike
1-2: Ball
2-2: Ground out 4-3 (Groundball, 4)
Top of the 4th over - 0 run(s), 0 hit(s), 0 error(s), 0 left on base; Pennsauken 3 - Calgary 7
BOTTOM OF THE 4TH
Calgary Lynx batting - Pitching for Pennsauken Flyers : RHP Augusto Ramos
Batting: LHB Thomas Campbell 0-0: Ball
1-0: Called Strike
1-1: Ball
2-1: Fly out, F9 (Flyball, 9LM)
Batting: LHB Michael Malloy 0-0: Ball
1-0: Ball
2-0: Ground out 4-3 (Groundball, 4)
Batting: RHB Wilson Vega 0-0: Ball
1-0: Ball
2-0: Foul Ball, location: 2F
2-1: Called Strike
2-2: Fly out, F7 (Flyball, 7)
Bottom of the 4th over - 0 run(s), 0 hit(s), 0 error(s), 0 left on base; Pennsauken 3 - Calgary 7
TOP OF THE 5TH
Pennsauken Flyers batting - Pitching for Calgary Lynx : LHP Felipe Machado
Batting: RHB Clarence Therrien 0-0: Ball
1-0: Foul Ball, location: 2F
1-1: Ball
2-1: Foul Ball, location: 2F
2-2: Ball
3-2: Fly out, F9 (Flyball, 9LS)
Batting: LHB Vinski Prifti 0-0: Ground out 3-1 (Groundball, 34)
Batting: RHB Dave Stockman 0-0: Foul Ball, location: 2F
0-1: Foul Ball, location: 2F
0-2: Ball
1-2: Ball
2-2: Ball
3-2: Foul Ball, location: 2F
3-2: Reached on error, E4 (Groundball, 4)
Batting: RHB José Rodríguez 0-0: Ball
1-0: Foul Ball, location: 2F
1-1: Called Strike
1-2: Fly out, F8 (Flyball, 89D)
Top of the 5th over - 0 run(s), 0 hit(s), 1 error(s), 1 left on base; Pennsauken 3 - Calgary 7
BOTTOM OF THE 5TH
Calgary Lynx batting - Pitching for Pennsauken Flyers : RHP Augusto Ramos
Pitching: RHP Manny Benavides
Batting: LHB José León 0-0: Called Strike
0-1: Called Strike
0-2: Foul Ball, location: 2F
0-2: Ball
1-2: SOLO HOME RUN (Flyball, 8RXD), Distance : 434 ft
Batting: RHB Miguel Rosales 0-0: Ball
1-0: Ball
2-0: Foul Ball, location: 2F
2-1: SINGLE (Groundball, 6MD)
Batting: RHB Gilberto Rodríguez 0-0: Called Strike
0-1: Ball
1-1: Ball
2-1: Swinging Strike
2-2: Strikes out looking
Batting: LHB Daniel García 0-0: Ball
Miguel Rosales is caught stealing 2nd base
1-0: Called Strike
1-1: Ball
2-1: Swinging Strike
2-2: Fly out, F7 (Flyball, 7LSF)
Bottom of the 5th over - 1 run(s), 2 hit(s), 0 error(s), 0 left on base; Pennsauken 3 - Calgary 8
TOP OF THE 6TH
Pennsauken Flyers batting - Pitching for Calgary Lynx : LHP Felipe Machado
Batting: RHB Byron Isaacson 0-0: Ball
1-0: Called Strike
1-1: Called Strike
1-2: Foul Ball, location: 2F
1-2: SINGLE (Groundball, 56S) (infield hit)
Batting: LHB Ignacio Martínez 0-0: Called Strike
0-1: Ball
1-1: Ball
2-1: Ball
3-1: Called Strike
3-2: Base on Balls
Byron Isaacson to second
Pitching: RHP Makoto Kato
Batting: SHB Nuygen Vuong 0-0: Foul Ball, location: 2F
0-1: Ball
1-1: Ball
2-1: Foul Ball, location: 2F
2-2: Ball
3-2: Fielders Choice at 2nd, 3-6 (Groundball, 34)
Byron Isaacson to third
Batting: LHB Brad Lawrence 0-0: Called Strike
0-1: SINGLE (Groundball, 34D)
Byron Isaacson scores
Nuygen Vuong to second
Runner from 2nd tries for 3rd, SAFE, no throw
Batting: RHB Abdul-Fattah bin Najjar 0-0: Foul Ball, location: 2F
0-1: Ball
1-1: Swinging Strike
1-2: Ball
2-2: Foul Ball, location: 2F
2-2: Ball
3-2: Ground out 6-3 (Groundball, 6)
Nuygen Vuong scores
Brad Lawrence to second
Batting: RHB Clarence Therrien 0-0: Ball
1-0: Ball
2-0: Ball
3-0: Base on Balls
Batting: LHB Vinski Prifti 0-0: Foul Ball, location: 2F
0-1: SINGLE (Line Drive, 9S)
Brad Lawrence to third
Clarence Therrien to second
Batting: RHB Dave Stockman 0-0: Ball
Passed Ball!
Brad Lawrence scores
Clarence Therrien to third
Vinski Prifti to second
1-0: Fly out, F8 (Flyball, 8RD)
Top of the 6th over - 3 run(s), 3 hit(s), 0 error(s), 2 left on base; Pennsauken 6 - Calgary 8
BOTTOM OF THE 6TH
Calgary Lynx batting - Pitching for Pennsauken Flyers : RHP Manny Benavides
Batting: RHB Juan Martínez 0-0: Ball
1-0: Called Strike
1-1: Ball
2-1: Foul Ball, location: 2F
2-2: Ball
3-2: Strikes out swinging
Batting: RHB Alan Bryan 0-0: Called Strike
0-1: Ball
1-1: Swinging Strike
1-2: Foul Ball, location: 2F
1-2: Strikes out swinging
Batting: LHB Thomas Campbell 0-0: Called Strike
0-1: Ball
1-1: Fly out, F8 (Flyball, 8RM)
Bottom of the 6th over - 0 run(s), 0 hit(s), 0 error(s), 0 left on base; Pennsauken 6 - Calgary 8
TOP OF THE 7TH
Pennsauken Flyers batting - Pitching for Calgary Lynx : RHP Makoto Kato
Batting: RHB José Rodríguez 0-0: Called Strike
0-1: Foul Ball, location: 2F
0-2: Ball
1-2: Strikes out swinging
Batting: RHB Byron Isaacson 0-0: Ball
1-0: Ball
2-0: Called Strike
2-1: SINGLE (Flyball, 8LS)
Batting: LHB Ignacio Martínez 0-0: Fly out, F7 (Line Drive, 78M)
Batting: SHB Nuygen Vuong 0-0: Ball
1-0: Foul Ball, location: 2F
1-1: Foul Ball, location: 2F
1-2: Ball
2-2: SINGLE (Groundball, 6S) (infield hit)
Byron Isaacson to second
Batting: LHB Brad Lawrence 0-0: Ball
1-0: Swinging Strike
1-1: SINGLE (Groundball, 4MD)
Byron Isaacson to third
Nuygen Vuong to second
Runner from 3rd tries for Home, SAFE, no throw
Pitching: RHP Nelle Liefting
Batting: RHB Abdul-Fattah bin Najjar 0-0: Called Strike
0-1: Ball
1-1: Ball
2-1: Foul Ball, location: 2F
2-2: Strikes out swinging
Top of the 7th over - 1 run(s), 3 hit(s), 0 error(s), 2 left on base; Pennsauken 7 - Calgary 8
BOTTOM OF THE 7TH
Calgary Lynx batting - Pitching for Pennsauken Flyers : RHP Manny Benavides
Batting: LHB Michael Malloy 0-0: Ball
1-0: Foul Ball, location: 2F
1-1: Swinging Strike
1-2: Strikes out swinging
Batting: RHB Wilson Vega 0-0: Foul Ball, location: 2F
0-1: Swinging Strike
0-2: Fly out, F8 (Flyball, 8LM)
Batting: LHB José León 0-0: Ball
1-0: Foul Ball, location: 2F
1-1: Called Strike
1-2: Ball
2-2: Foul Ball, location: 2F
2-2: Ball
3-2: Foul Ball, location: 2F
3-2: Base on Balls
Batting: RHB Miguel Rosales 0-0: Ball
José León is caught stealing 2nd base
Bottom of the 7th over - 0 run(s), 0 hit(s), 0 error(s), 0 left on base; Pennsauken 7 - Calgary 8
TOP OF THE 8TH
Pennsauken Flyers batting - Pitching for Calgary Lynx : RHP Nelle Liefting
Batting: RHB Clarence Therrien 0-0: Called Strike
0-1: Ball
1-1: Ball
2-1: Ball
3-1: Fly out, F8 (Flyball, 89M)
Batting: LHB Vinski Prifti 0-0: Ball
1-0: Ball
2-0: Foul Ball, location: 2F
2-1: Swinging Strike
2-2: Ball
3-2: Strikes out swinging
Batting: RHB Dave Stockman 0-0: Swinging Strike
0-1: Foul Ball, location: 2F
0-2: Ground out 3-1 (Groundball, 34)
Top of the 8th over - 0 run(s), 0 hit(s), 0 error(s), 0 left on base; Pennsauken 7 - Calgary 8
BOTTOM OF THE 8TH
Calgary Lynx batting - Pitching for Pennsauken Flyers : RHP Manny Benavides
Batting: RHB Miguel Rosales 0-0: Ball
1-0: Called Strike
1-1: Called Strike
1-2: Ball
2-2: Fly out, F8 (Flyball, 8LM)
Pitching: RHP Manny Hernández
Batting: RHB Gilberto Rodríguez 0-0: Ball
1-0: SINGLE (Line Drive, 78S)
Batting: LHB Daniel García 0-0: Called Strike
0-1: Called Strike
0-2: Ball
1-2: Foul Ball, location: 2F
1-2: Strikes out looking
Pinch Hitting: RHB Jesús Martínez 0-0: Fielders Choice at 2nd, 4-6 (Groundball, 4)
Bottom of the 8th over - 0 run(s), 1 hit(s), 0 error(s), 0 left on base; Pennsauken 7 - Calgary 8
TOP OF THE 9TH
Pennsauken Flyers batting - Pitching for Calgary Lynx : RHP Nelle Liefting
Pitching: RHP José Larranaga
Now at SS: Hieu De
Pinch Hitting: LHB Javier Antonio 0-0: Ball
1-0: SINGLE (Groundball, 34D)
Pinch Runner at 1st Carlos Soto:
Batting: RHB Byron Isaacson 0-0: Ball
1-0: Swinging Strike
1-1: Foul Ball, location: 2F
1-2: Ball
Wild Pitch!
Carlos Soto to second
2-2: Strikes out swinging
Batting: LHB Ignacio Martínez 0-0: Called Strike
0-1: Ground out 5-3 (Groundball, 56S)
Carlos Soto to third
Pinch Hitting: LHB Tim Hargrove 0-0: Ball
1-0: Ball
2-0: Fly out, F8 (Flyball, 78XD)
Top of the 9th over - 0 run(s), 1 hit(s), 0 error(s), 1 left on base; Pennsauken 7 - Calgary 8
Saturday, May 26th, 2018 - OOTP Baseball 17.12 Build 75